 Dungeon Crawl Stone Soup version 0.29.1-2-gbd0b4ee654 (webtiles) character file.

Game seed: 2251774736858077154

1915 Arcadio the Nimble (level 9, -20/55 HPs)
             Began as a Djinni Fire Elementalist on Nov 16, 2022.
             Demolished by a two-headed ogre
             ... wielding a +0 giant spiked club
              (22 damage)
             ... on level 6 of the Dungeon.
             The game lasted 00:31:07 (9835 turns).

Arcadio the Nimble (Djinni Fire Elementalist)       Turns: 9835, Time: 00:31:10

Health: -20/55     AC:  2    Str:  7    XL:     9   Next: 39%
Gold:   261        EV: 16    Int: 22    God:
                   SH:  0    Dex: 13

rFire   + + .      SeeInvis +   c - +1 dagger
rCold   x . .      Faith    .   (no shield)
rNeg    + . .      Spirit   .   a - +0 robe
rPois   ∞          Reflect  .   (no helmet)
rElec   .          Harm     .   (no cloak)
rCorr   .          Rampage  .   (no gloves)
Will    .....                   (boots unavailable)
Stlth   ++........              (no amulet)
HPRegen 0.18/turn               d - ring of positive energy
MPRegen 0.00/turn               g - ring of see invisible

@: flying
A: sickness immunity, fire resistance 2, cold vulnerability 1, float, innate
caster, HP casting, extra vitality 1
a: no special abilities


You were on level 6 of the Dungeon.
You visited 1 branch of the dungeon, and saw 6 of its levels.
You also visited: Sewer.

You collected 261 gold pieces.

Inventory:

Hand Weapons
 c - a +1 dagger (weapon)
 w - a +0 whip of freezing
Armour
 a - a +0 robe (worn)
Jewellery
 d - a ring of positive energy (left hand)
 g - a ring of see invisible (right hand)
Wands
 h - a wand of paralysis (7)
 s - a wand of iceblast (15)
Scrolls
 f - 2 scrolls of fog {unknown}
 m - 2 scrolls of magic mapping {unknown}
 n - 2 scrolls of identify {unknown}
 o - a scroll of teleportation {unknown}
 p - a scroll of blinking {unknown}
 q - 4 scrolls of enchant weapon
 r - 2 scrolls of silence {unknown}
 u - 5 scrolls of enchant armour {unknown}
 y - a scroll of immolation {unknown}
 z - a scroll of poison {unknown}
Potions
 b - a potion of attraction {unknown}
 e - a potion of brilliance
 i - a potion of lignification
 j - a potion of berserk rage {unknown}
 k - a potion of mutation {unknown}
 l - a potion of cancellation {unknown}
 t - a potion of heal wounds {unknown}
 x - a potion of magic {unknown}


   Skills:
 + Level 9.3 Dodging
 - Level 1.5 Stealth
 + Level 6.8 Spellcasting


You couldn't memorise any spells.
You knew the following spells:

 Your Spells              Type           Power      Damage    Failure   Level
a - Foxfire               Conj/Fire      100%       2x1d9     1%          1
b - Scorch                Fire           74%        2d8       1%          2
c - Conjure Flame         Conj/Fire      37%        6-21      1%          3
d - Inner Flame           Hex/Fire       37%        N/A       1%          3
e - Flame Wave            Conj/Fire      37%        2d10      4%          4
f - Slow                  Hex            100%       N/A       1%          1
g - Wereblood             Tmut           37%        N/A       1%          2
h - Dazzling Flash        Conj/Hex       74%        N/A       1%          3
i - Stone Arrow           Conj/Erth      74%        3d11      1%          3
Your spell library was empty.

Dungeon Overview and Level Annotations

Branches:
Dungeon (6/15) Zot: 25127  Temple (0/1) D:6           Sewer (visited)

Altars:
Nemelex Xobeh

Annotations:
D:3 Grinder
D:4 3 runed translucent doors, caveywoolpert's ghost, amateur TrFi
D:5 1 transporter


Innate Abilities, Weirdness & Mutations

You are immune to sickness and miasma.
You are immune to poison.
Your flesh is very heat resistant. (rF++)
You are vulnerable to cold. (rC-)
You float through the air rather than walking.
You learn spells naturally, not from books.
Your magical power is your life essence.
You have superior vitality. (+4 MHP)


Message History

The throwing net barely misses the two-headed ogre.
Casting: Slow (safe; 1% risk of failure)
Confirm with . or Enter, or press ? or * to list all spells.
Flames lash the two-headed ogre.
The two-headed ogre is moderately wounded.
The two-headed ogre's fire resistance burns away.
Casting: Scorch (safe; 1% risk of failure)
Confirm with . or Enter, or press ? or * to list all spells.
Flames lash the two-headed ogre.
The two-headed ogre is burned terribly!
The two-headed ogre is heavily wounded.
Casting: Scorch (safe; 1% risk of failure)
Confirm with . or Enter, or press ? or * to list all spells.
Flames lash the two-headed ogre but do no damage.
The two-headed ogre hits you with a +0 giant spiked club!!!
Ouch! That really hurt!
* * * LOW HITPOINT WARNING * * *
The two-headed ogre hits you with a +0 giant club!
* * * LOW HITPOINT WARNING * * *
Aiming: Paralyse
Press: ? - help, Shift-Dir - straight line, f/p - two-headed ogre
Aim: a two-headed ogre, wielding a +0 giant spiked club and a +0 giant club (heavily wounded, more vulnerable to fire, chance to affect: 31%)
Okay, then.
Unknown command.
Okay, then.
Okay, then.
Okay, then.
Casting: Scorch (safe; 1% risk of failure)
Confirm with . or Enter, or press ? or * to list all spells.
Okay, then.
Okay, then.
Casting: Scorch (safe; 1% risk of failure)
Confirm with . or Enter, or press ? or * to list all spells.
Okay, then.
Okay, then.
Aiming: Paralyse
Press: ? - help, Shift-Dir - straight line, f/p - two-headed ogre
Aim: a two-headed ogre, wielding a +0 giant spiked club and a +0 giant club (heavily wounded, more vulnerable to fire, chance to affect: 31%)
The two-headed ogre easily resists.
The two-headed ogre hits you with a +0 giant spiked club!!
You die...

#... .. ....
#>.#...##... ...
#..........##... ..
#............. . .
#..##...#..## .##.. #
##..##...#...##.#.... ..
#..........###.......
... #......@O.....(...
... #.........#.....##.
... #..................
...
##.###..................
### ##.##.........####.
##..).........####.
#..##.........####.
#.....#.##....# ##.
##....#.....#. ...


You could see a two-headed ogre (combustible).

Vanquished Creatures
  Pikel (D:5)
  Duvessa (D:5)
  A water moccasin (D:5)
  A black bear (D:6)
  A centaur (D:6)
  A lemure (D:5)
  A phantom (D:5)
  A necrophage (D:5)
  A kobold brigand (Sewer)
  2 scorpions (D:5)
  Dowan (D:5)
  4 hounds
  An orc priest (D:5)
  A gnoll bouda (D:6)
  Jessica (D:3)
  An iguana (D:6)
  Natasha (twice) (D:3)
  3 orc wizards (D:5)
  Robin (D:2)
  13 gnolls
  10 adders
  4 river rats (Sewer)
  A shadow imp (D:6)
  A white imp (D:6)
  12 orcs
  4 bats
  8 endoplasms
  2 giant cockroaches
  14 goblins
  5 hobgoblins
  7 jackals
  6 quokkas
  16 ball pythons
  5 frilled lizards
  7 kobolds
  12 rats
153 creatures vanquished.

Vanquished Creatures (collateral kills)
  2 foxfires (Sewer)
2 creatures vanquished.

Vanquished Creatures (others)
  238 foxfires
  18 plants
256 creatures vanquished.

Grand Total: 411 creatures vanquished

Notes
Turn   | Place    | Note
-------+----------+-------------------------------------------
     0 | D:1      | Arcadio the Djinni Fire Elementalist began the quest for
                  | the Orb.
     0 | D:1      | Arcadio set off with the following spells memorised:
                  | Foxfire, Scorch, Conjure Flame, Inner Flame, Flame Wave.
     0 | D:1      | Reached XP level 1. HP: 15/15 MP: 0/0
   509 | D:1      | Reached XP level 2. HP: 20/21 MP: 0/0
   666 | D:1      | Found a faded altar of an unknown god.
   797 | D:1      | Reached XP level 3. HP: 11/25 MP: 0/0
   797 | D:1      | Learned a level 1 spell: Slow
  1003 | D:1      | Reached skill level 3 in Dodging
  1527 | D:2      | Noticed Robin
  2333 | D:2      | Reached XP level 4. HP: 23/31 MP: 0/0
  2367 | D:2      | Killed Robin
  2901 | D:3      | Noticed Natasha
  2908 | D:3      | Killed Natasha
  2952 | D:3      | Noticed Grinder
  3048 | D:3      | Noticed Natasha
  3053 | D:3      | Killed Natasha
  3054 | D:3      | Reached skill level 4 in Dodging
  3054 | D:3      | Reached XP level 5. HP: 33/35 MP: 0/0
  3054 | D:3      | Learned a level 2 spell: Wereblood
  3108 | D:3      | Noticed Jessica
  3114 | D:3      | Found a glowing drain.
  3120 | D:3      | Killed Jessica
  3131 | Sewer    | Entered a sewer
  3641 | Sewer    | Noticed a kobold brigand
  3645 | Sewer    | Killed a kobold brigand
  3646 | Sewer    | Reached XP level 6. HP: 33/40 MP: 0/0
  3856 | Sewer    | Reached skill level 5 in Dodging
  5081 | D:4      | Noticed caveywoolpert's ghost (amateur TrFi)
  5119 | D:4      | Reached XP level 7. HP: 43/45 MP: 0/0
  5119 | D:4      | Learned a level 3 spell: Dazzling Flash
  5303 | D:4      | Found a runed translucent gate.
  5303 | D:4      | Found a runed translucent gate.
  5303 | D:4      | Found a runed translucent gate.
  5823 | D:5      | Entered Level 5 of the Dungeon
  5874 | D:5      | Reached skill level 6 in Dodging
  5982 | D:5      | Noticed Pikel
  5987 | D:5      | Noticed a water moccasin
  6002 | D:5      | Killed Pikel
  6003 | D:5      | Reached skill level 7 in Dodging
  6003 | D:5      | Reached skill level 5 in Spellcasting
  6003 | D:5      | Reached XP level 8. HP: 22/50 MP: 0/0
  6687 | D:5      | Noticed Dowan
  6882 | D:5      | Reached skill level 8 in Dodging
  7058 | D:5      | Noticed Duvessa
  7166 | D:5      | Found a sparkling altar of Nemelex Xobeh.
  7166 | D:5      | Found a transporter.
  7166 | D:5      | Noticed a vampire
  7166 | D:5      | Noticed a hornet
  7225 | D:5      | Reached XP level 9. HP: 15/55 MP: 0/0
  7225 | D:5      | Learned a level 3 spell: Stone Arrow
  7651 | D:5      | Killed Duvessa
  7784 | D:5      | Killed Dowan
  8231 | D:6      | Noticed a two-headed ogre
  8314 | D:6      | Found a staircase to the Ecumenical Temple.
  8321 | D:6      | Reached skill level 9 in Dodging
  9834 | D:6      | HP: 2/55 [two-headed ogre/+0 giant spiked club (7)]
  9835 | D:6      | Demolished by a two-headed ogre

Illustrated notes

Levels and vault maps discovered:
D:1:      scummos_arrival_checkerplants, layout_rooms,
          chequers_ecumenical_altar_simple, due_unseen_surprise
D:2:      layout_loops_ring, uniq_robin
D:3:      layout_basic, mainiacjoe_overflow_chevrons,
          mainiacjoe_overflow_24_doors, cheibrodos_sewer_entry_drain,
          uniq_natasha, uniq_jessica, uniq_grinder
D:4:      kennysheep_six_static_rooms, layout_rooms, gammafunk_ghost_split,
          wad_floor_pattern_1, chequers_jeans, st_stairs_11, minivault_4,
          minmay_fractal_squares_5
D:5:      layout_gridville, grunt_nemelex_the_gamble, uniq_duvessa, uniq_pikel
D:6:      layout_cave_pools, minmay_temple_entry_statues_fountains,
          reono_crystal_passage, uniq_eustachio

Skill      XL: |  1  2  3  4  5  6  7  8  9 |
---------------+----------------------------+-----
Dodging        | 3 4 5 7 8 9 |  9.3
Spellcasting   | 3 4 5 6 |  6.8
Stealth        | |  1.5

Action                   |  1- 3 |  4- 6 |  7- 9 || total
-------------------------+-------+-------+-------++-------
Melee: Unarmed           |    10 |       |       ||    10
       Dagger            |    25 |    11 |     6 ||    42
Throw: Throwing net      |       |       |     2 ||     2
 Cast: Foxfire           |    48 |    66 |    32 ||   146
       Scorch            |     4 |    11 |    71 ||    86
       Conjure Flame     |     1 |       |       ||     1
       Slow              |       |     1 |     2 ||     3
       Flame Wave        |       |       |     3 ||     3
       Inner Flame       |       |       |     2 ||     2
       Stone Arrow       |       |       |     4 ||     4
Evoke: Wand              |       |       |     1 ||     1
  Use: Scroll            |       |     1 |       ||     1
       Potion            |       |       |     3 ||     3
 Stab: Sleeping          |     2 |       |       ||     2
Armor: Robe              |    10 |       |     3 ||    13
       Skin              |       |       |    37 ||    37
Dodge: Dodged            |    36 |    16 |    42 ||    94
